 Dungeon Crawl Stone Soup version 0.20-a0-1034-gb277f92 (console) character file.

193 nht the Twirler (level 5, -1/38 HPs)
             Began as a Demonspawn Gladiator on Apr 21, 2017.
             Was a Follower of Sif Muna.
             Killed from afar by Ijyb (11 damage)
             ... with a wand of acid (?/15)
             ... on level 3 of the Dungeon.
             The game lasted 00:02:29 (2165 turns).

nht the Twirler (Demonspawn Gladiator)              Turns: 2165, Time: 00:02:30

Health: -1/38      AC:  5    Str: 19    XL:     5   Next: 43%
Magic:  0/5        EV: 13    Int: 10    God:    Sif Muna [*.....]
Gold:   187        SH:  0    Dex: 15    Spells: 4/4 levels left

rFire    . . .     SeeInvis .   a - +0 quarterstaff
rCold    . . .     Gourm    .   (shield currently unavailable)
rNeg     . . .     Faith    .   b - +0 leather armour
rPois    .         Spirit   +   c - +0 helmet
rElec    .         Reflect  .   (no cloak)
rCorr    .         Harm     .   (no gloves)
MR       .....                  l - +0 pair of boots
Stlth    +.........             e - amulet of guardian spirit
Regen    0.2/turn               (no ring)
MPRegen  0.1/turn               (no ring)

@: mighty
A: claws 1, hooves 2
a: Divine Energy, Renounce Religion


You were on level 3 of the Dungeon.
You worshipped Sif Muna.
Sif Muna was aware of your devotion.
You were not hungry.

You visited 1 branch of the dungeon, and saw 3 of its levels.

You collected 187 gold pieces.

Inventory:

Hand Weapons
 a - a +0 quarterstaff (weapon)
Missiles
 d - 2 throwing nets (quivered)
Armour
 b - a +0 leather armour (worn)
 c - a +0 helmet (worn)
 l - a +0 pair of boots (worn)
Jewellery
 e - an amulet of guardian spirit (around neck)
 r - an uncursed ring of protection from cold {unknown}
Wands
 m - a wand of polymorph (6/24)
 s - a wand of flame (17/48)
Scrolls
 i - 4 scrolls of identify {unknown}
 j - a scroll of recharging {unknown}
 k - 3 scrolls of remove curse {unknown}
 o - a scroll of amnesia {unknown}
Potions
 q - a potion of might
Comestibles
 f - 3 bread rations
 g - a meat ration
 h - 5 chunks of flesh
 n - 2 royal jellies


   Skills:
 - Level 2.0 Fighting
 + Level 5.6 Staves
 - Level 1.7 Throwing
 - Level 2.6 Dodging


You had 4 spell levels left.
You didn't know any spells.

Dungeon Overview and Level Annotations

Branches:
Dungeon (3/15)

Altars:
Sif Muna

Annotations:
D:3 Ijyb


Innate Abilities, Weirdness & Mutations

You have sharp fingernails.
You have hoof-like feet.


Message History

You barely miss Ijyb. Ijyb closely misses you.
You thump Ijyb!
Ijyb is heavily wounded.
Ijyb hits you but does no damage.
Evoke which item? (* to show all) (? for menu, Esc to quit)
Aiming: Throw Flame (will waste charges)
Press: ? - help, Shift-Dir - straight line, f - Ijyb
Aim: Ijyb, wielding a club, wearing a chain mail and carrying a wand of acid (?/15) {zapped: 1} (heavily wounded)
The puff of flame hits Ijyb.
Ijyb is almost dead.
Evoking this partially-identified wand wasted a few charges.
Evoke which item? (* to show all) (? for menu, Esc to quit)
Aiming: Throw Flame (will waste charges)
Press: ? - help, Shift-Dir - straight line, f/p - Ijyb
Aim: Ijyb, wielding a club, wearing a chain mail and carrying a wand of acid (?/15) {zapped: 1} (almost dead)
The puff of flame hits Ijyb.
Ijyb appears unharmed.
Ijyb is almost dead.
Evoking this partially-identified wand wasted a few charges.
Ijyb zaps a wand.
The bolt of acid hits you!
You die... █████

█...█ █...█
....█ █...█
██.g?█ ██.@[.█
██..████ █..██
█.██ ██.█ █..█
██.██
███████████..█
█.....█.....██


You could see Ijyb.

Vanquished Creatures
  A scorpion (D:3)
  Terence (D:2)
  4 adders
  A gnoll (D:1)
  An ooze (D:2)
  A worm (D:2)
  3 dart slugs
  6 leopard geckos
  3 orcs (D:3)
  3 bats
  2 giant cockroaches
  5 goblins
  4 hobgoblins
  2 jackals (D:3)
  4 kobolds
  A quokka (D:2)
  A ball python (D:2)
  3 frilled lizards
  9 rats
55 creatures vanquished.

Notes
Turn   | Place    | Note
-------+----------+-------------------------------------------
     0 | D:1      | nht the Demonspawn Gladiator began the quest for the Orb.
     0 | D:1      | Reached XP level 1. HP: 16/16 MP: 1/1
    64 | D:1      | Reached skill level 3 in Staves
    77 | D:1      | Gained mutation: You have large cloven feet. [demonic ancestry]
    77 | D:1      | Reached XP level 2. HP: 15/22 MP: 0/2
   412 | D:1      | Gained mutation: You have hoof-like feet. [demonic ancestry]
   412 | D:1      | Reached XP level 3. HP: 26/27 MP: 3/3
   511 | D:2      | Reached skill level 4 in Staves
   633 | D:2      | Gained mutation: You have sharp fingernails. [demonic ancestry]
   633 | D:2      | Reached XP level 4. HP: 9/33 MP: 2/4
  1064 | D:2      | Found a faded altar of an unknown god.
  1116 | D:2      | Became a worshipper of Sif Muna the Loreminder
  1116 | D:2      | Reached * piety under Sif Muna
  1683 | D:2      | Noticed Terence
  1698 | D:2      | Killed Terence
  1783 | D:2      | Reached skill level 5 in Staves
  1959 | D:3      | Reached XP level 5. HP: 13/38 MP: 3/5
  2155 | D:3      | Noticed Ijyb
  2165 | D:3      | Killed from afar by Ijyb

Vault maps used:
D:1:      scummos_arrival_gate, minmay_tromino_v4_a
D:2:      chequers_ecumenical_altar_lobes, uniq_terence
D:3:      first_bread, uniq_crazy_yiuf_cottage, uniq_ijyb

Skill      XL: |  1  2  3  4 |
---------------+-------------+-----
Staves         | 3 4 5 |  5.6
Fighting       | |  2.0
Throwing       | |  1.7
Dodging        | |  2.6

Action                   |  1- 3 |  4- 6 || total
-------------------------+-------+-------++-------
Melee: Quarterstaff      |    79 |   101 ||   180
       Kick              |     2 |       ||     2
Throw: Throwing net      |     3 |       ||     3
Evoke: Wand              |       |     2 ||     2
  Use: Potion            |       |     3 ||     3
  Eat: Chunk             |       |     4 ||     4
Armor: Leather armour    |    13 |    36 ||    49
Dodge: Dodged            |    55 |    75 ||   130
